 Dungeon Sprint DCSS version 0.29-a0-222-g5b244fca1f (webtiles) character file.

Game seed: 4459129361311608770

5328 mhtbhm the Bludgeoner (level 10, 0/76 HPs)
             Began as a Gargoyle Berserker on Feb 27, 2022.
             Was the Champion of Trog.
             Slain by Edmund
             ... wielding a +1 great mace of freezing
              (11 damage)
             ... in the Dungeon (Sprint III: "The Ten Rune Challenge").
             The game lasted 00:03:51 (2462 turns).

mhtbhm the Bludgeoner (Gargoyle Berserker)          Turns: 2462, Time: 00:03:52

Health: 0/76       AC: 14    Str: 26    XL:     10   Next: 64%
Magic:  11/11      EV: 12    Int:  7    God:    Trog [******]
Gold:   20         SH:  0    Dex:  7    Spells: 9/9 levels left

rFire   . . .      SeeInvis .   a - +6 dire flail (flame)
rCold   + . .      Faith    .   (shield currently unavailable)
rNeg    + . .      Spirit   .   b - +0 ring mail
rPois   ∞          Reflect  .   (no helmet)
rElec   +          Harm     .   (no cloak)
rCorr   .          Rampage  .   (no gloves)
Will    .....      NoTele   +   (no boots)
Stlth   +.........              (no amulet)
HPRegen 0.22/turn               (no ring)
MPRegen 0.12/turn               (no ring)

@: mighty, on berserk cooldown
A: sickness immunity, AC +7, negative energy resistance 1, electricity
resistance, torment resistance 1, petrification resistance, clumsy 1, cold
resistance 1, high MP 1
a: Renounce Religion, Berserk, Trog's Hand, Brothers in Arms


You were in the Dungeon.
You worshipped Trog.
Trog was exalted by your worship.
You visited 1 branch You collected 20 gold pieces.

Inventory:

Hand Weapons
 a - a +6 dire flail of flaming (weapon)
Armour
 b - a +0 ring mail (worn)
Wands
 n - a wand of digging (5)
Scrolls
 i - a scroll of holy word {unknown}
 j - a scroll of identify {unknown}
 k - 2 scrolls of immolation {unknown}
Potions
 f - 2 potions of magic
 g - a potion of berserk rage
 l - 2 potions of flight
 m - 4 potions of mutation
Miscellaneous
 p - a lightning rod (4/4)


   Skills:
 + Level 15.2 Fighting
 + Level 16.5 Maces & Flails
 + Level 9.9 Armour
 + Level 7.7 Dodging
 - Level 2.6 Stealth
 + Level 1.3 Evocations


You had 9 spell levels left.
You didn't know any spells.
Your spell library was empty.

Dungeon Overview and Level Annotations

Branches:
Dungeon (1/1)

Altars:
Cheibriados
Dithmenos
Elyvilon
Fedhas
Gozag
Hepliaklqana
Kikubaaqudgha
Makhleb
Nemelex Xobeh
Okawaru
Qazlal
Ru
Sif Muna
Trog
Uskayaw
Vehumet
Wu Jian
Xom
Yredelemnul
Zin
The Shining One
Beogh
Jiyva
Lugonu

Annotations:
D Edmund


Innate Abilities, Weirdness & Mutations

You are immune to sickness and miasma.
Your stone body is resilient. (AC +7)
You are immune to poison.
You resist negative energy. (rN+)
You are resistant to electric shocks. (rElec)
You are resistant to unholy torment.
You are immune to petrification.
You are clumsy. (Dex -2)
Your flesh is cold resistant. (rC+)
You have an increased reservoir of magic. (+10% MP)


Message History

Unknown command.
Your cyclops goes berserk!
Something hits you but does no damage.
Edmund throws a curare-tipped dart.
The curare-tipped dart hits you.
Unknown command.
Something hits your cyclops!
Your cyclops barely misses something.
Edmund throws a curare-tipped dart.
You impale something!! You burn something. Your cyclops misses something.
Edmund throws a curare-tipped dart.
The curare-tipped dart misses you.
You closely miss something. Your cyclops misses something.
Something hits your cyclops.
Your cyclops is devoured by a tear in reality.
Unknown command.
You miss something. You puncture something! You burn something.
You hear some strange, mumbled words.
Something tries to affect you, but you resist.
You closely miss something. You bludgeon something!! You burn something.
You feel yourself speed up. Edmund hits you but does no damage.
Something hits you.
* * * LOW HITPOINT WARNING * * *
Edmund hits you with a +1 great mace of freezing.
* * * LOW HITPOINT WARNING * * *
There is an open door to the Lair of Beasts, spattered with blood here.
Unknown command.
You bludgeon Edmund!! You burn Edmund.
Edmund is moderately wounded.
Edmund hits you with a +1 great mace of freezing.
* * * LOW HITPOINT WARNING * * *
Unknown command.
You closely miss something.
Unknown command.
You bludgeon something!! You burn something. Trog accepts your kill.
Trog appreciates your killing of a magic user.
Reactivating autopickup.
You feel a bit more experienced.
Edmund hits you with a +1 great mace of freezing!
You die...

#'#
..#+###########################
..#..≈≈≈'.#.'...'.#.#.#)†.††≈≈#
..#.#≈≈≈#.#.#.).##.#.#.##†††≈≈#
..'.#§.§#.#.#)).#.#.#.#.#.††≈≈≈≈#
..#.#§§§#...#...##.#.#.##..†≈≈≈≈#
▓▓▓▓▓▓▓▓▓▓▓▓▓▓▓▓#.#.#.#.#.......#
≈≈........≈≈≈...##.#.#.##.......#
≈≈≈≈≈≈≈≈≈≈≈≈♣♣P§@@#.#.#.#.......#
♣♣♣♣♣♣♣♣♣♣♣♣♣♣PP##.#.#.##########
♣♣♣##'##### #@..+ #...# #...#
#####


You could see Edmund.

Vanquished Creatures
  Sigmund (D)
  Snorg (D)
  A centaur warrior (D)
  A deep elf pyromancer (D)
  An unseen horror (D)
  A queen bee (D)
  3 wandering mushrooms (D)
  A shadow (D)
  A spatial vortex (D)
  A necrophage (D)
  2 centaurs (D)
  An earth elemental (D)
  A scorpion (D)
  A water elemental (D)
  32 killer bees (D)
  A jelly (D)
  Jessica (D)
  A wizard (D)
  A necromancer (D)
  A kobold demonologist (D)
  3 humans (D)
  An endoplasm (D)
  2 rats (D)
60 creatures vanquished.

Notes
Turn   | Place    | Note
-------+----------+-------------------------------------------
     0 | D        | mhtbhm the Gargoyle Berserker began the quest for the Orb.
     0 | D        | Reached XP level 1. HP: 14/14 MP: 1/1
    91 | D        | Reached ** piety under Trog
    93 | D        | Noticed Jessica
    96 | D        | Killed Jessica
    97 | D        | Reached skill level 5 in Fighting
    97 | D        | Reached skill level 4 in Maces & Flails
    97 | D        | Reached XP level 2. HP: 21/21 MP: 2/2
    97 | D        | Reached XP level 3. HP: 26/26 MP: 3/3
   244 | D        | Noticed a scorpion
   249 | D        | Killed a scorpion
   250 | D        | Reached skill level 6 in Maces & Flails
   250 | D        | Reached XP level 4. HP: 32/32 MP: 4/4
   289 | D        | Gained mutation: You expend magic power (3 MP) to
                  | strengthen your wands. [potion of mutation]
   289 | D        | Gained mutation: Your flesh is cold resistant. (rC+)
                  | [potion of mutation]
   289 | D        | Gained mutation: You are somewhat resistant to further
                  | mutation. [potion of mutation]
   359 | D        | Lost mutation: You are somewhat resistant to further
                  | mutation. [potion of mutation]
   359 | D        | Lost mutation: You expend magic power (3 MP) to strengthen
                  | your wands. [potion of mutation]
   359 | D        | Lost mutation: Your flesh is cold resistant. (rC+) [potion
                  | of mutation]
   359 | D        | Gained mutation: You are clumsy. (Dex -2) [potion of
                  | mutation]
   359 | D        | Gained mutation: You have an increased reservoir of magic.
                  | (+10% MP) [potion of mutation]
   359 | D        | Gained mutation: Your flesh is cold resistant. (rC+)
                  | [potion of mutation]
   362 | D        | Noticed a water elemental
   370 | D        | Killed a water elemental
   370 | D        | Reached *** piety under Trog
   371 | D        | Reached skill level 7 in Maces & Flails
   371 | D        | Reached XP level 5. HP: 39/39 MP: 5/5
   418 | D        | Found a basalt altar of Yredelemnul.
   418 | D        | Found a shadowy altar of Dithmenos.
   418 | D        | Found a sacrificial altar of Ru.
   418 | D        | Noticed a necrophage
   430 | D        | Killed a necrophage
   431 | D        | Reached skill level 8 in Maces & Flails
   431 | D        | Reached XP level 6. HP: 15/45 MP: 6/6
   636 | D        | Found a hide-covered altar of Uskayaw.
   636 | D        | Found an iron altar of Okawaru.
   636 | D        | Found a bloodstained altar of Trog.
   636 | D        | Found an ornate altar of the Wu Jian Council.
   636 | D        | Noticed a human
   637 | D        | Noticed a human
   641 | D        | Killed a human
   641 | D        | Reached **** piety under Trog
   642 | D        | Reached skill level 10 in Fighting
   642 | D        | Reached skill level 9 in Maces & Flails
   642 | D        | Reached skill level 5 in Armour
   642 | D        | Reached skill level 1 in Stealth
   657 | D        | HP: 1/72 [human/+0 falchion (15)]
   658 | D        | Killed a human
   659 | D        | Reached skill level 10 in Maces & Flails
   659 | D        | Reached XP level 7. HP: 1/53 MP: 7/7
   963 | D        | Found a radiant altar of Vehumet.
   963 | D        | Found a shimmering blue altar of Sif Muna.
   963 | D        | Found an ancient bone altar of Kikubaaqudgha.
   978 | D        | Reached ***** piety under Trog
   990 | D        | Found a glowing silver altar of Zin.
   990 | D        | Found a glowing golden altar of the Shining One.
   990 | D        | Found a white marble altar of Elyvilon.
   991 | D        | Noticed a deep elf pyromancer
   999 | D        | Noticed a fire elemental
   999 | D        | Killed a deep elf pyromancer
  1000 | D        | Reached skill level 11 in Maces & Flails
  1000 | D        | Reached skill level 5 in Dodging
  1000 | D        | Reached XP level 8. HP: 60/60 MP: 8/8
  1067 | D        | Noticed a shadow
  1078 | D        | Killed a shadow
  1079 | D        | Reached skill level 12 in Maces & Flails
  1147 | D        | Found a blossoming altar of Fedhas.
  1147 | D        | Found a stormy altar of Qazlal.
  1147 | D        | Found a snail-covered altar of Cheibriados.
  1147 | D        | Found a burning altar of Makhleb.
  1147 | D        | Found a shimmering altar of Xom.
  1148 | D        | Found a hazy altar of Hepliaklqana.
  1148 | D        | Found an opulent altar of Gozag.
  1148 | D        | Found a sparkling altar of Nemelex Xobeh.
  1148 | D        | Found a corrupted altar of Lugonu.
  1148 | D        | Found a viscous altar of Jiyva.
  1531 | D        | Received a gift from Trog
  1590 | D        | Noticed Snorg
  1629 | D        | Killed Snorg
  1630 | D        | Reached skill level 13 in Maces & Flails
  1630 | D        | Reached XP level 9. HP: 33/68 MP: 3/9
  1862 | D        | Noticed a centaur warrior
  1868 | D        | Reached skill level 14 in Maces & Flails
  1868 | D        | Killed a centaur warrior
  1923 | D        | Killed an unseen horror
  1924 | D        | Reached skill level 15 in Maces & Flails
  2033 | D        | Noticed a wandering mushroom
  2037 | D        | Noticed a wandering mushroom
  2039 | D        | Noticed a wandering mushroom
  2047 | D        | Killed a wandering mushroom
  2048 | D        | Reached XP level 10. HP: 46/75 MP: 3/11
  2297 | D        | Reached ****** piety under Trog
  2298 | D        | Identified the +7 scimitar of the Moon {vorpal, rF+} (Trog
                  | gifted it to you in the Dungeon)
  2298 | D        | Received a gift from Trog
  2300 | D        | Reached skill level 16 in Maces & Flails
  2300 | D        | Received a gift from Trog
  2301 | D        | Reached skill level 15 in Fighting
  2301 | D        | Reached skill level 1 in Evocations
  2305 | D        | Received a gift from Trog
  2324 | D        | Received a gift from Trog
  2424 | D        | Noticed Sigmund
  2424 | D        | Noticed Edmund
  2462 | D        | Killed Sigmund
  2462 | D        | Slain by Edmund

Illustrated notes

Levels and vault maps discovered:
D:        dungeon_sprint_mu [sprint_mu_entry_cave, sprint_mu_temple_rooms,
          sprint_mu_d1_horrors, sprint_mu_d2_genie, sprint_mu_d3_branching,
          sprint_mu_orc_legion, sprint_mu_elf_gauntlet, sprint_mu_hive_nellie,
          sprint_mu_lair_fedhas, sprint_mu_vaults_butterflies,
          sprint_mu_slime_circle, sprint_mu_swamp_cave, sprint_mu_snake_twists,
          sprint_mu_blade_basic, sprint_mu_crypt_lich, sprint_mu_tomb_spiral,
          sprint_mu_vestibule_basic, sprint_mu_gehenna_hellfire,
          sprint_mu_dis_giant, sprint_mu_tartarus_statrot,
          sprint_mu_cocytus_islands, sprint_mu_zot1]

Skill      XL: |  1  2  3  4  5  6  7  8  9 10 |
---------------+-------------------------------+-----
Fighting       | 5 6 7 8 10 11 13 14 15 | 15.2
Maces & Flails | 4 6 7 8 10 11 13 15 16 | 16.5
Armour         | 3 4 5 6 7 8 9 |  9.9
Dodging        | 2 3 4 5 6 7 |  7.7
Stealth        | 1 2 |  2.6
Evocations     | 1 |  1.3

Action                   |  1- 3 |  4- 6 |  7- 9 | 10-12 || total
-------------------------+-------+-------+-------+-------++-------
Melee: Mace              |     8 |    54 |    39 |       ||   101
       Great mace        |       |       |    29 |    40 ||    69
       Dire flail        |       |       |       |    12 ||    12
Invok: Berserk           |     1 |     2 |     3 |     1 ||     7
       Brothers in Arms  |       |       |       |     2 ||     2
Evoke: Lightning rod     |       |       |       |     6 ||     6
  Use: Potion            |       |     2 |     1 |     5 ||     8
       Scroll            |       |       |       |     1 ||     1
Armor: Animal skin       |     2 |     7 |       |       ||     9
       Ring mail         |       |       |    29 |    31 ||    60
Dodge: Dodged            |       |    21 |    25 |    36 ||    82

Table legend: (Time is in decaauts)
 A = Elapsed time spent in this place.
 B = Non-inter-level travel time spent in this place.
 C = Inter-level travel time spent in this place.
 D = Time resting spent in this place.
 E = Time spent auto-exploring this place.
 F = Levels seen in this place.
 G = Mean time per level.
                   A        B        C        D        E       F      G
               +--------+--------+--------+--------+--------+-----+--------+
         Total |   2496 |   2496 |      0 |   1818 |     82 |   1 | 2496.0 |
       Dungeon |   2496 |   2496 |      0 |   1818 |     82 |   1 | 2496.0 |
               +--------+--------+--------+--------+--------+-----+--------+

Top non-repeatable levels by time:
       D: 2496 daAuts
